 Dungeon Crawl Stone Soup version 0.31-a0-37-g98a128e1d9 (webtiles) character file.

Game seed: 15290125235530145053

18855 madmanarnold the Blocker (level 13, -4/108 HPs)
             Began as a Formicid Fighter on May 14, 2023.
             Was a High Priest of Cheibriados.
             Slain by a six-headed hydra (9 damage)
             ... on level 3 of the Lair of Beasts.
             The game lasted 00:31:30 (16288 turns).

madmanarnold the Blocker (Formicid Fighter)        Turns: 16288, Time: 00:31:31

Health: -4/108     AC: 17    Str: 39    XL:     13   Next: 0%
Magic:  13/13      EV:  8    Int: 25    God:    Cheibriados [*****.]
Gold:   498        SH:  9    Dex: 25    Spells: 12/12 levels left

rFire   x . .        n - +8 whip "Killer Bee's Death" {freeze, rN++ Will++ Str+2}
rCold   + . .        c - +0 buckler
rNeg    + + +        f - +2 plate armour
rPois   .            (helmet unavailable)
rElec   +            u - +0 cloak
rCorr   .            (no gloves)
SInv    +            (no boots)
Will    +++..        r - amulet of the acrobat Stlth
                     l - ring of Pride {Ice rElec rN+ Int+4}
HPRegen 0.38/turn    (no ring)
MPRegen 0.13/turn

%: acrobat
@: studying Necromancy, very slow
A: permanent stasis, dig shafts and tunnels, antennae 3, four strong arms,
hooves 1, sense surroundings 1
a: Dig, Shaft Self, Renounce Religion, Bend Time, Temporal Distortion, Slouch,
Step From Time


You were on level 3 of the Lair of Beasts.
You worshipped Cheibriados.
Cheibriados was extremely pleased with you.
You visited 3 branches of the dungeon, and saw 14 of its levels.
You also visited: Sewer.

You collected 498 gold pieces.

Inventory:

Hand Weapons
 n - the +8 whip "Killer Bee's Death" (weapon) {freeze, rN++ Will++ Str+2}
   (You found it on level 2 of the Dungeon)

   Str:       It affects your strength (+2).
   rN:        It greatly protects you from negative energy.
   Will:      It greatly increases your willpower.
Armour
 c - a +0 buckler (worn)
 f - a +2 plate armour (worn)
 u - a +0 cloak (worn)
Jewellery
 a - a ring of ice
 e - an amulet of faith
 l - the ring of Pride (left hand) {Ice rElec rN+ Int+4}
   (You found it on level 6 of the Dungeon)

   [ring of ice]

   It enhances your ice magic.
   Int:       It affects your intelligence (+4).
   rF:        It makes you vulnerable to fire.
   rC:        It protects you from cold.
   rElec:     It insulates you from electricity.
   rN:        It protects you from negative energy.
 p - a ring of ice
 q - a ring of poison resistance
 r - an amulet of the acrobat (around neck)
 t - a ring of willpower
 B - a +4 ring of protection
 D - an amulet of regeneration
Wands
 j - a wand of flame (35)
 m - a wand of polymorph (7)
 C - a wand of roots (6)
Scrolls
 g - 10 scrolls of identify
 k - 3 scrolls of enchant weapon
 w - a scroll of silence
 y - 4 scrolls of magic mapping
 A - 3 scrolls of poison
Potions
 b - a potion of invisibility
 d - a potion of flight
 h - 3 potions of magic
 i - 7 potions of lignification
 o - a potion of ambrosia
 s - 6 potions of curing
 x - 6 potions of brilliance
 z - 3 potions of resistance


   Skills:
 + Level 12.2 Fighting
 - Level 12.0 Maces & Flails
 - Level 2.4 Polearms
 - Level 10.0 Armour
 + Level 13.0 Shields


You had 12 spell levels left.
You didn't know any spells.
Your spell library contained the following spells:

 Spells                   Type           Power      Damage    Failure   Level
 Apportation              Tloc           0%         N/A       56%         1
 Necrotise                Necr           0%         1d4       56%         1
 Summon Small Mammal      Summ           0%         N/A       56%         1
 Gell's Gravitas          Tloc           0%         N/A       90%         3
 Teleport Other           Tloc           0%         N/A       90%         3
 Iskenderun's Battlesphe  Conj           0%         2d6       100%        5
 Dispersal                Tloc           0%         N/A       100%        6
 Iron Shot                Conj/Erth      0%         9d1       100%        6
 Spellforged Servitor     Conj/Summ      0%         N/A       100%        7


Dungeon Overview and Level Annotations

Branches:
Dungeon (10/15)            Temple (1/1) D:4            Lair (3/5) D:10
  Sewer (visited)
  Swamp: Lair:2-3    Shoals: Lair:2-3     Snake: Lair:2-3    Spider: Lair:2-3
    Orc: D:9-12

Altars:
Ashenzari
Cheibriados
Dithmenos
Elyvilon
Fedhas
Gozag
Hepliaklqana
Kikubaaqudgha
Makhleb
Nemelex Xobeh
Okawaru
Qazlal
Ru
Sif Muna
Trog
Uskayaw
Vehumet
Wu Jian
Xom
Yredelemnul
Zin
The Shining One

Shops:
D:2 *   D:7 (   D:8 ((*   D:9 :

Annotations:
Lair:1 3 runed translucent doors, Pag Assur's ghost, journeyman VSBr; Vutiel's ghost, journeyman DrNe
Lair:2 2 runed translucent doors, pk666's ghost, journeyman DEHW


Innate Abilities, Weirdness & Mutations

You cannot be hasted, slowed, berserked, paralysed or teleported.
You can dig through walls and to a lower floor.
You have a pair of large antennae on your head. (SInv)
Your four strong arms can wield two-handed weapons with a shield.
You have large cloven feet.
You passively map a small area around you.


Message History

The six-headed hydra misses you.
The six-headed hydra bites you but does no damage.
The six-headed hydra misses you.
The six-headed hydra bites you but does no damage. x2
The yak closely misses you. The yak attacks as you move away!
The yak closely misses you.
The six-headed hydra bites you but does no damage.
You block the six-headed hydra's attack.
The six-headed hydra misses you. The six-headed hydra bites you.
* * * LOW HITPOINT WARNING * * *
The six-headed hydra misses you. The six-headed hydra barely misses you.
The six-headed hydra completely misses you.
The six-headed hydra closely misses you. x2
The six-headed hydra misses you.
You block the six-headed hydra's attack. x2
The six-headed hydra misses you. x2; The six-headed hydra bites you.
* * * LOW HITPOINT WARNING * * *
The six-headed hydra misses you. The six-headed hydra bites you.
* * * LOW HITPOINT WARNING * * *
You block the six-headed hydra's attack.
The yak attacks as you move away! You block the yak's attack.
You block the cane toad's attack. The cane toad closely misses you.
The six-headed hydra bites you but does no damage.
The six-headed hydra closely misses you.
The six-headed hydra misses you. The six-headed hydra bites you.
* * * LOW HITPOINT WARNING * * *
The six-headed hydra bites you but does no damage.
The six-headed hydra bites you.
* * * LOW HITPOINT WARNING * * *
There is a stone staircase leading up here.
You can't go down here!
Unknown command.
The cane toad stings you but does no damage.
The six-headed hydra bites you.
* * * LOW HITPOINT WARNING * * *
The six-headed hydra bites you.
* * * LOW HITPOINT WARNING * * *
The six-headed hydra bites you!
You die...

≈≈.k## #....................#
≈...# ##..................###
≈≈#.# #............##.#.###
≈≈#..##....(...P...###..##
≈##.##.....P.......####.P# #
..##P..P.(...#....###.######
.##...............#........##
*#..........#....###........#
...........##@...##........##
............#YDF.###.........##
......[...........###..........#
..............#...#P#...........
#..>.........##...#.............
#.............................#
#P................#..........##
#..........#.....P........##
#..............P........#.#


You could see a six-headed hydra, a yak and a cane toad.

Vanquished Creatures
  Gastronok (D:8)
  Fannar (Lair:1)
  A two-headed ogre (D:9)
  Urug (Lair:1)
  Amaemon (D:8)
  An elephant (Lair:3)
  A black mamba (Lair:3)
  Joseph (D:9)
  A gargoyle (D:10)
  A torpor snail (Lair:3)
  Maggie (Lair:2)
  7 cane toads
  An orange demon (D:8)
  A rime drake (Lair:3)
  2 komodo dragons
  3 trolls
  A polar bear (Lair:2)
  A hornet (Lair:3)
  4 dream sheep (Lair:1)
  2 spriggans (Lair:2)
  3 wyverns (Lair:3)
  15 yaks
  3 basilisks
  2 vampire mosquitoes (D:10)
  4 steam dragons
  5 water moccasins
  An orc warrior (D:10)
  2 black bears
  2 ice beasts (D:6)
  3 sky beasts
  5 wolves
  2 ogres
  2 centaurs
  7 bullfrogs
  2 kobold brigands (D:9)
  A gnoll sergeant (D:5)
  2 scorpions
  9 wights
  5 killer bees (D:10)
  2 electric eels (D:10)
  4 howler monkeys
  A gnoll bouda (D:5)
  10 hounds
  4 orc priests
  A jelly (D:6)
  8 orc wizards
  5 sleepcaps
  2 iguanas
  A hell rat (Sewer)
  13 gnolls
  10 adders
  A river rat (D:6)
  A shadow imp (D:8)
  13 white imps
  4 worms
  2 dart slugs
  19 orcs
  8 ball pythons
  6 endoplasms
  4 giant cockroaches
  6 goblins
  15 hobgoblins
  8 quokkas
  10 bats
  3 frilled lizards
  15 kobolds
  4 rats (Sewer)
288 creatures vanquished.

Notes
Turn   | Place    | Note
-------+----------+-------------------------------------------
     0 | D:1      | madmanarnold the Formicid Fighter began the quest for the
                  | Orb.
     0 | D:1      | Reached XP level 1. HP: 18/18 MP: 1/1
   246 | D:1      | Reached XP level 2. HP: 23/24 MP: 2/2
   638 | D:1      | Reached XP level 3. HP: 27/29 MP: 3/3
  2850 | D:2      | Found Rurur's General Store.
  2870 | D:2      | Identified the +8 whip "Killer Bee's Death" {freeze, rN++
                  | Will++ Str+2}
  2993 | D:2      | Reached XP level 4. HP: 37/37 MP: 4/4
  3676 | D:3      | Found a faded altar of an unknown god.
  3676 | D:3      | Noticed a scorpion
  3685 | D:3      | Killed a scorpion
  3686 | D:3      | Reached skill level 1 in Maces & Flails
  3686 | D:3      | Reached XP level 5. HP: 32/43 MP: 5/5
  3936 | D:3      | Reached skill level 5 in Fighting
  3941 | D:3      | Reached XP level 6. HP: 51/51 MP: 6/6
  4376 | D:3      | Gained mutation: You are agile. (Dex +4, Str/Int -1)
                  | [potion of mutation]
  4708 | D:4      | Found a blossoming altar of Fedhas.
  4797 | D:4      | Lost mutation: You are agile. (Dex +4, Str/Int -1) [potion
                  | of mutation]
  4797 | D:4      | Gained mutation: You have large cloven feet. [potion of
                  | mutation]
  4797 | D:4      | Gained mutation: You are covered in fur. (AC +1) [potion of
                  | mutation]
  4926 | D:4      | Noticed a black bear
  4939 | D:4      | Killed a black bear
  4940 | D:4      | Reached XP level 7. HP: 51/57 MP: 7/7
  4942 | D:4      | Reached skill level 5 in Armour
  5044 | D:4      | Found an ornate altar of the Wu Jian Council.
  5049 | D:4      | Noticed a spectral centipede
  5049 | D:4      | Noticed a spectral black mamba
  5049 | D:4      | Noticed a spectral cane toad
  5443 | D:4      | Found a staircase to the Ecumenical Temple.
  5460 | Temple   | Entered the Ecumenical Temple
  5515 | Temple   | Became a worshipper of Cheibriados the Contemplative
  5688 | D:5      | Entered Level 5 of the Dungeon
  5858 | D:5      | Reached XP level 8. HP: 67/67 MP: 8/8
  6280 | D:5      | Reached * piety under Cheibriados
  6839 | D:5      | You fall into a shaft and drop 2 floors!
  6977 | D:6      | Reached XP level 9. HP: 57/67 MP: 9/9
  7050 | D:6      | Identified the ring of Pride {Ice rElec rN+ Int+4}
  7068 | D:6      | Reached skill level 5 in Maces & Flails
  7221 | D:6      | Found a glowing drain.
  7257 | Sewer    | Entered a sewer
  7334 | Sewer    | Lost mutation: You are covered in fur. (AC +1) [potion of
                  | mutation]
  7334 | Sewer    | Lost mutation: You have large cloven feet. [potion of
                  | mutation]
  7334 | Sewer    | Gained mutation: You passively map a small area around you.
                  | [potion of mutation]
  7334 | Sewer    | Gained mutation: You have large cloven feet. [potion of
                  | mutation]
  8106 | D:7      | Found Hegi's Antique Weapon Emporium.
  8315 | D:7      | Reached ** piety under Cheibriados
  8987 | D:8      | Reached skill level 10 in Fighting
  8992 | D:8      | Reached skill level 5 in Shields
  9153 | D:8      | Noticed a troll
  9160 | D:8      | Killed a troll
  9161 | D:8      | Reached XP level 10. HP: 66/85 MP: 10/10
  9258 | D:8      | Reached skill level 6 in Shields
  9556 | D:8      | Found Rer Gedgh's Antique Weapon Shoppe.
  9598 | D:8      | Found Dops's Weapon Shop.
  9603 | D:8      | Found Ustrismy's Elemental Accessories.
  9774 | D:8      | Noticed Gastronok
  9803 | D:8      | Killed Gastronok
  9804 | D:8      | Reached skill level 7 in Shields
  9986 | D:8      | Noticed an orange demon
  9986 | D:8      | Noticed Amaemon
 10093 | D:9      | Reached skill level 8 in Shields
 10659 | D:9      | Reached XP level 11. HP: 90/90 MP: 11/11
 10669 | D:9      | Reached skill level 9 in Shields
 10703 | D:9      | Noticed a two-headed ogre
 10714 | D:9      | Killed a two-headed ogre
 10715 | D:9      | Reached skill level 10 in Armour
 10813 | D:9      | Found an iron altar of Okawaru.
 10813 | D:9      | Found a stormy altar of Qazlal.
 10839 | D:9      | Found Juomp's Book Boutique.
 10864 | D:9      | Noticed Joseph
 10878 | D:9      | Killed Joseph
 11092 | D:9      | Reached *** piety under Cheibriados
 11417 | D:10     | Entered Level 10 of the Dungeon
 11452 | D:8      | Killed Amaemon
 11453 | D:8      | Reached skill level 10 in Shields
 11824 | D:10     | Found a sacrificial altar of Ru.
 11926 | D:10     | Reached skill level 10 in Maces & Flails
 12572 | D:10     | Identified the +1 long sword of Wu Jian's Esteem {drain,
                  | SInv}
 12638 | D:10     | Found a shadowy altar of Dithmenos.
 12638 | D:10     | Found a shimmering altar of Xom.
 12639 | D:10     | Found a basalt altar of Yredelemnul.
 12660 | D:10     | Reached **** piety under Cheibriados
 12760 | D:10     | Found a staircase to the Lair.
 12922 | Lair:1   | Entered Level 1 of the Lair of Beasts
 13520 | Lair:1   | Found a frozen archway.
 13611 | Lair:1   | Reached XP level 12. HP: 58/97 MP: 12/12
 14037 | Lair:1   | Found a runed translucent gate.
 14038 | Lair:1   | Found a runed translucent gate.
 14038 | Lair:1   | Found a runed translucent gate.
 14040 | Lair:1   | Noticed Pag Assur's ghost (journeyman VSBr)
 14040 | Lair:1   | Noticed Vutiel's ghost (journeyman DrNe)
 14211 | Lair:2   | Noticed Urug
 14241 | Lair:1   | Killed Urug
 14412 | Lair:2   | Noticed Fannar
 14440 | Lair:1   | Killed Fannar
 14481 | Lair:2   | Noticed Maggie
 14491 | Lair:2   | Killed Maggie
 14522 | Lair:2   | Reached ***** piety under Cheibriados
 14523 | Lair:2   | Reached skill level 11 in Shields
 15066 | Lair:2   | Found a large runed translucent door.
 15066 | Lair:2   | Found a large runed translucent door.
 15068 | Lair:2   | Noticed pk666's ghost (journeyman DEHW)
 15379 | Lair:3   | Reached skill level 12 in Shields
 15794 | Lair:3   | Noticed a four-headed hydra
 16259 | Lair:3   | Noticed a six-headed hydra
 16265 | Lair:3   | Reached skill level 13 in Shields
 16265 | Lair:3   | Reached XP level 13. HP: 99/108 MP: 13/13
 16288 | Lair:3   | HP: 5/108 [six-headed hydra (3)]
 16288 | Lair:3   | Slain by a six-headed hydra

Illustrated notes

Levels and vault maps discovered:
D:1:      wheals_arrival_linesprint, layout_basic, minmay_strange_pillars
D:2:      layout_basic, serial_shops, nicolae_shop_tiny_waterfront,
          minmay_strange_pillars
D:3:      layout_basic, shapermc_ecumenical_altar_notcrosses,
          grunt_decor_resistance, chequers_arboretum, minmay_diced_spiral
D:4:      minmay_recursive_quarters, layout_basic, fedhas_altar_2,
          pdpol_wu_jian_five_deadly_venoms, minmay_temple_entry_glassed_door,
          kennysheep_generic_room_5
D:5:      layout_loops_cross
D:6:      layout_cave_pools, gup_sewer_entry_bubbles
D:7:      layout_layer_cave, serial_shops, nicolae_shop_hallway_stairs,
          lemuel_flame_loot_1
D:8:      layout_gridville, serial_shops, shop, nicolae_inconvenience_store,
          minivault_5, nicolae_elemental_shop, uniq_amaemon, uniq_gastronok
D:9:      layout_stronghold, mainiacjoe_overflow_divided_tiny, serial_shops,
          shop, uniq_joseph
D:10:     layout_small_grid, chequers_temple_overflow_statue_of_worship,
          lemuel_doored_altar, erik_lair_island
Temple:   zaba_magenta_temple
Lair:1:   layout_chaotic_city, portal_ice_cave_entry_imps,
          gammafunk_ghost_cemetery, st_stairs_7
Lair:2:   wad_woods_tower, layout_cave_shapes, ebering_ghost_disaster_area,
          uniq_fannar, uniq_maggie, uniq_urug
Lair:3:   layout_gridlike, palyth_hydra_swamp_entry, spider_nest_entry_rubble,
          dreamdust_mushroom_princess, chequers_serial_rivers_marsh,
          pdpol_lair_cavern_descent, lemuel_fruit_tree

Skill      XL: |  1  2  3  4  5  6  7  8  9 10 11 12 |
---------------+-------------------------------------+-----
Fighting       | 4 5 7 8 10 12 | 12.2
Maces & Flails | 1 2 3 4 6 8 11 12 | 12.0
Armour         | 4 5 6 8 9 10 | 10.0
Shields        | 5 8 10 13 | 13.0
Polearms       | |  2.4

Action                     |  1- 3 |  4- 6 |  7- 9 | 10-12 | 13-15 || total
---------------------------+-------+-------+-------+-------+-------++-------
  Melee: Trident           |    96 |       |       |       |       ||    96
         Whip              |     9 |   100 |   248 |   479 |       ||   836
         Kick              |       |     4 |    61 |   181 |       ||   246
Ability: Dig               |       |       |     6 |     5 |       ||    11
    Use: Scroll            |     4 |    11 |     8 |     4 |       ||    27
         Potion            |       |     2 |     2 |     5 |       ||     9
 Armour: Plate armour      |    64 |    48 |    97 |   133 |    24 ||   366
  Dodge: Dodged            |    23 |    33 |   112 |   222 |    65 ||   455
  Block: Buckler           |    18 |    24 |    54 |   153 |    30 ||   279

Table legend: (Time is in decaauts)
 A = Elapsed time spent in this place.
 B = Non-inter-level travel time spent in this place.
 C = Inter-level travel time spent in this place.
 D = Time resting spent in this place.
 E = Time spent auto-exploring this place.
 F = Levels seen in this place.
 G = Mean time per level.
                   A        B        C        D        E       F      G
               +--------+--------+--------+--------+--------+-----+--------+
         Total |  19647 |  18856 |    791 |   3047 |  13371 |  15 | 1309.8 |
       Dungeon |  15233 |  14703 |    530 |   2493 |  10407 |  10 | 1523.3 |
        Temple |     87 |     63 |     24 |      0 |     47 |   1 |   87.0 |
          Lair |   4212 |   3975 |    237 |    554 |   2854 |   3 | 1404.0 |
         Sewer |    113 |    113 |      0 |      0 |     61 |   1 |  113.0 |
               +--------+--------+--------+--------+--------+-----+--------+

Top non-repeatable levels by time:
     D:1: 2541 daAuts
     D:8: 1932 daAuts
     D:9: 1778 daAuts
    D:10: 1758 daAuts
     D:7: 1679 daAuts
  Lair:1: 1669 daAuts
     D:5: 1532 daAuts
  Lair:2: 1504 daAuts
     D:2: 1118 daAuts
  Lair:3: 1038 daAuts
     D:3: 1020 daAuts
     D:4: 994 daAuts
     D:6: 877 daAuts
   Sewer: 113 daAuts
  Temple: 87 daAuts
